 Dungeon Crawl Stone Soup version 0.24.0-123-gd5b16e6ec5 (webtiles) character file.

Game seed: 14427956756755351560, levelgen mode: deterministic

116 Johnny the Digger (level 4, 0/33 HPs)
             Began as a Demigod Earth Elementalist on Feb 10, 2020.
             Slain by a worm (14 damage)
             ... on level 2 of the Dungeon.
             The game lasted 00:01:28 (1667 turns).

Johnny the Digger (Demigod Earth Elementalist)      Turns: 1667, Time: 00:01:28

Health: 0/33       AC:  2    Str: 11    XL:     4   Next: 43%
Magic:  6/11       EV: 12    Int: 21    God:
Gold:   84         SH:  0    Dex: 16    Spells: 8/9 levels left

rFire    . . .     SeeInvis .   (no weapon)
rCold    . . .     Gourm    .   (no shield)
rNeg     . . .     Faith    .   c - +0 robe
rPois    .         Spirit   .   (no helmet)
rElec    .         Reflect  .   (no cloak)
rCorr    .         Harm     .   (no gloves)
MR       .....                  (no boots)
Stlth    ++........             (no amulet)
HPRegen  0.11/turn              (no ring)
MPRegen  0.12/turn              (no ring)

@: slowed, very slow
A: high mp 1
a: no special abilities


You were on level 2 of the Dungeon.
You were not hungry.

You visited 1 branch of the dungeon, and saw 2 of its levels.

You collected 84 gold pieces.

Inventory:

Missiles
 b - 96 stones (quivered)
Armour
 c - a +0 robe (worn)
Jewellery
 g - an uncursed ring of flight {unknown}
Scrolls
 a - a scroll of enchant weapon {unknown}
 e - 2 scrolls of teleportation {unknown}
 i - a scroll of random uselessness {unknown}
 k - 2 scrolls of identify {unknown}
Potions
 f - a potion of curing {unknown}
 h - a potion of haste {unknown}
 j - a potion of resistance {unknown}
Comestibles
 d - 2 rations


   Skills:
 - Level 1.7 Dodging
 - Level 1.7 Stealth
 + Level 3.2 Spellcasting
   Level 0.8 Transmutations
 + Level 4.0 Earth Magic


You had 8 spell levels left.
You knew the following spells:

 Your Spells              Type           Power        Failure   Level  Hunger
a - Sandblast             Erth           ###...       2%          1    None

Your spell library contained the following spells:

 Spells                   Type           Power        Failure   Level  Hunger
 Passwall                 Tmut/Erth      ##......     7%          2    ##.....
 Stone Arrow              Conj/Erth      ##....       17%         3    ###....
 Petrify                  Tmut/Erth      ##......     43%         4    ####...
 Lee's Rapid Deconstruct  Erth           ###.......   56%         5    ######.


Dungeon Overview and Level Annotations

Branches:
Dungeon (2/15)


Innate Abilities, Weirdness & Mutations

You have an increased reservoir of magic. (+10% MP)


Message History

b - 98 stones
Casting: Sandblast (safe; 2% risk of failure)
Confirm with . or Enter, or press ? or * to list all spells.
Aiming: Sandblast (safe; 2% risk of failure)
Press: ? - help, Shift-Dir - straight line, f - worm
Aim: a worm (berserk, fast, unusually strong)
The blast of sand hits the worm!
The worm is heavily wounded.
b - 97 stones The worm bites you. x2
Casting: Sandblast (safe; 2% risk of failure)
Confirm with . or Enter, or press ? or * to list all spells.
Aiming: Sandblast (safe; 2% risk of failure)
Press: ? - help, Shift-Dir - straight line, f/p - worm
Aim: a worm (moderately wounded, berserk, fast, unusually strong)
The blast of sand hits the worm!
The worm is almost dead.
b - 96 stones The worm bites you!
You die...

######.......[..##.##.# #####
#..........†..[.......# #...#
#.#########...#..####.. #.<.###.#
#### #..##..# #..
#...##..####..###.###..####..
#............................
#...##.#...##.##..##.........
#...##........##..#..........
#...#..#####@##...#..........
#####..######w####....).......
##......# #.......###.........#
###.......##.........##.........#
..........#...........#.........#
..........#....###....#........(#
..........#...##y##...#.........#
#####.....#....###....#...).....#
#####...).##....r....##.........#


You could see a moth of wrath and a worm (berserk).

Vanquished Creatures
  Natasha (twice) (D:2)
  2 adders (D:2)
  2 worms (D:2)
  A dart slug (D:1)
  A leopard gecko (D:2)
  A ball python (D:2)
  A giant cockroach (D:1)
  9 goblins
  4 hobgoblins
  2 jackals (D:2)
  6 bats
  A frilled lizard (D:1)
  3 kobolds (D:1)
  7 rats
42 creatures vanquished.

Notes
Turn   | Place    | Note
-------+----------+-------------------------------------------
     0 | D:1      | Johnny the Demigod Earth Elementalist began the quest for
                  | the Orb.
     0 | D:1      | Reached XP level 1. HP: 14/14 MP: 5/5
   208 | D:1      | Reached skill level 3 in Earth Magic
   228 | D:1      | Reached XP level 2. HP: 13/20 MP: 3/7
  1066 | D:2      | Reached XP level 3. HP: 25/26 MP: 0/9
  1332 | D:2      | Found a stormy altar of Qazlal.
  1391 | D:2      | Noticed Natasha
  1401 | D:2      | Killed Natasha
  1403 | D:2      | Reached XP level 4. HP: 10/33 MP: 4/11
  1654 | D:2      | Noticed a moth of wrath
  1654 | D:2      | Noticed Natasha
  1657 | D:2      | Found a bloodstained altar of Trog.
  1661 | D:2      | Killed Natasha
  1661 | D:2      | Reached skill level 4 in Earth Magic
  1667 | D:2      | Slain by a worm

Levels and vault maps discovered:
D:1:      wheals_arrival_linesprint, layout_basic
D:2:      layout_rooms, tgw_trog, first_ration, grunt_qazlal_sundering,
          uniq_natasha

Skill      XL: |  1  2  3  4 |
---------------+-------------+-----
Spellcasting   | 2 3 |  3.2
Earth Magic    | 3 4 |  4.0
Dodging        | |  1.7
Stealth        | |  1.7
Transmutations | |  0.8

Action                   |  1- 3 |  4- 6 || total
-------------------------+-------+-------++-------
Melee: Unarmed           |    32 |     8 ||    40
 Cast: Sandblast         |    41 |    14 ||    55
 Stab: Sleeping          |     4 |       ||     4
  Eat: Chunk             |     1 |     1 ||     2
Armor: Robe              |    12 |     1 ||    13
Dodge: Dodged            |    34 |     6 ||    40
